 Dungeon Crawl Stone Soup version 0.19-a0-1732-g0b18a7b (webtiles) character file.

331 4thArraOfDagon the Slasher (level 6, -15/70 HPs)
             Began as a Vampire Monk on Sept 30, 2016.
             Was a Believer of Okawaru.
             Demolished by a red devil
             ... wielding a +0 trident
             ... summoned by a kobold demonologist
              (21 damage)
             ... in a bailey.
             The game lasted 00:08:35 (1370 turns).

4thArraOfDagon the Slasher (Vampire Monk)           Turns: 1370, Time: 00:08:36

Health: -15/70     AC: -5    Str: 10      XL:     6   Next: 26%
Magic:  15/15      EV:  2    Int: 14 (19) God:    Okawaru [**....]
Gold:   123        SH:  0    Dex: 14 (17) Spells: 0 memorised, 5 levels left

rFire  . . .     SeeInvis +     c - +0 scimitar
rCold  . . .     Gourm    .     (armour currently unavailable)
rNeg   + + +     Faith    .     (no shield)
rPois  +         Spirit   .     (helmet currently unavailable)
rElec  .         Dismiss  .     (cloak currently unavailable)
rCorr  .         Reflect  .     (gloves currently unavailable)
MR     +....     Harm     .     (boots currently unavailable)
Stlth  +++....... NoTele   +    (no amulet)
                                l - ring of protection from magic
                                e - ring of magical power

@: brilliant, tree-form, corroded, very slightly contaminated, regenerating
quickly, hasted, invisible, very quick
A: (fangs 0), (hooves 0), see invisible, screaming 1, wild magic 1,
(unbreathing)
a: Heroism, Renounce Religion


You were in a bailey.
You worshipped Okawaru.
Okawaru was pleased with you.
You were very full.
You were a tree.
You visited 2 branches of the dungeon, and saw 8 of its levels.
You also visited: Bailey.

You collected 123 gold pieces.

Inventory:

Hand Weapons
 a - a +0 falchion
 c - a +0 scimitar (weapon)
 i - a -1 long sword
 k - a +0 rapier of protection
Armour
 b - a +1 robe
 m - a cursed +0 ring mail (melded)
Jewellery
 e - a ring of magical power (left branch)
 h - a +6 ring of intelligence
 l - a ring of protection from magic (right branch)
Wands
 p - a wand of polymorph (10/24)
 v - a wand of iceblast (0/15)
Scrolls
 q - a scroll of remove curse
 r - a scroll of random uselessness
 u - a scroll of teleportation
Potions
 d - a potion of invisibility
 f - a potion of curing
 g - a potion of degeneration
 j - a potion of brilliance
 w - 2 potions of blood


   Skills:
 + Level 3.6 Fighting
 * Level 4.8 Long Blades
 + Level 2.0 Armour
 + Level 4.5 Dodging
 - Level 3.0 Stealth
 + Level 1.1 Invocations


You had 5 spell levels left.
You didn't know any spells.

Dungeon Overview and Level Annotations

Branches:
Dungeon (7/15)             Temple (1/1) D:5

Altars:
Cheibriados
Elyvilon
Fedhas
Gozag
Kikubaaqudgha
Makhleb
Okawaru
Trog
Uskayaw
Xom
The Shining One

Annotations:
D:6 Edmund; junb69's ghost, novice NaAK
D:7 Dowan; zkyp's ghost, novice DgGl


Innate Abilities, Weirdness & Mutations

Your natural rate of healing is unusually fast.
((You have razor-sharp teeth.))
You have supernaturally acute eyesight. (SInv)
((You can survive without breathing.))
((You have large cloven feet.))
You occasionally shout uncontrollably at your foes.
Your spells are a little harder to cast, but a little more powerful.


Message History

The crimson imp grinds its teeth.
Unknown command.
Unknown command.
Unknown command.
Unknown command.
You hit the kobold demonologist.
The kobold demonologist is heavily wounded.
The red devil hits you with a trident!
* * * LOW HITPOINT WARNING * * *
The kobold demonologist hits you with a war axe.
* * * LOW HITPOINT WARNING * * *
The kobold demonologist hits you with a war axe.
* * * LOW HITPOINT WARNING * * *
Unknown command.
Unknown command.
You catch the helpless kobold demonologist completely off-guard!
You hit the kobold demonologist but do no damage.
The kobold demonologist is heavily wounded.
The red devil hits you with a trident!!
You die...

#.....#.≈≈≈≈≈... #....
#.....+..)...... #._..
#..⌠..+.).)..... # #....
#.....+.)....... ..#....
#.....#.≈≈≈≈≈...
..#....#####''#.≈≈≈≈≈...
[[#...g#5..)..#.≈≈≈≈≈.##
#..5g#54....#.≈≈≈≈≈≈#
#.4K♣K45######≈≈≈≈≈#
+.84838.# #≈≈≈≈≈#
#.5555..# ≈≈≈≈≈#
#+#######


You could see an ice devil, 2 rust devils, 2 kobold demonologists, a neqoxec, a
red devil, an iron imp, 3 quasits, 2 crimson imps, a shadow imp, an ufetubus, a
hobgoblin and a goblin.

Vanquished Creatures
  A crocodile (Bailey)
  A bullfrog (D:5)
  A bullfrog zombie (D:5)
  An orc wizard (D:7)
  2 worker ants (D:7)
  3 gnolls
  3 adders
  An ooze (D:3)
  A worm (D:3)
  3 orcs
  A ball python (D:5)
  A giant cockroach (D:7)
  7 goblins
  2 hobgoblins (Bailey)
  4 jackals (D:7)
  2 kobolds
  2 quokkas
36 creatures vanquished.

Notes
Turn   | Place    | Note
-------+----------+-------------------------------------------
     0 | D:1      | 4thArraOfDagon the Vampire Monk began the quest for the Orb.
     0 | D:1      | Reached XP level 1. HP: 17/17 MP: 1/1
   127 | D:2      | Reached XP level 2. HP: 15/23 MP: 2/2
   144 | D:2      | You fall through a shaft for 2 floors!
   302 | D:5      | Entered Level 5 of the Dungeon
   312 | D:5      | Reached XP level 3. HP: 26/28 MP: 3/3
   321 | D:5      | Noticed a bullfrog
   327 | D:5      | Killed a bullfrog
   327 | D:5      | Reached skill level 1 in Armour
   327 | D:5      | Reached XP level 4. HP: 17/35 MP: 4/4
   482 | D:6      | Noticed Edmund
   534 | D:6      | Noticed junb69's ghost (novice NaAK)
   556 | D:6      | Noticed a black bear
   723 | D:7      | Noticed Dowan
   762 | D:7      | Reached XP level 5. HP: 27/41 MP: 5/5
   936 | D:5      | Found a staircase to the Ecumenical Temple.
   940 | Temple   | Entered the Ecumenical Temple
   961 | Temple   | Became a worshipper of Warmaster Okawaru
   961 | Temple   | Reached * piety under Okawaru
   961 | Temple   | Reached ** piety under Okawaru
  1092 | D:7      | Noticed zkyp's ghost (novice DgGl)
  1137 | D:7      | Found a flagged portal.
  1175 | Bailey   | Entered a bailey
  1236 | Bailey   | Noticed an orc warrior
  1242 | Bailey   | Reached skill level 1 in Invocations
  1250 | Bailey   | Noticed a crocodile
  1250 | Bailey   | an orc warrior changed into a crocodile
  1263 | Bailey   | Killed a crocodile
  1263 | Bailey   | Reached XP level 6. HP: 30/47 MP: 6/6
  1309 | Bailey   | Found an iron altar of Okawaru.
  1309 | Bailey   | Noticed a kobold demonologist
  1336 | Bailey   | Noticed a kobold demonologist
  1348 | Bailey   | Noticed a neqoxec
  1353 | Bailey   | Gained mutation: You have large cloven feet. [potion of mutation]
  1353 | Bailey   | Gained mutation: You occasionally shout uncontrollably at your foes. [potion of mutation]
  1353 | Bailey   | Gained mutation: Your spells are a little harder to cast, but a little more powerful. [potion of mutation]
  1355 | Bailey   | Noticed a rust devil
  1361 | Bailey   | Noticed a red devil
  1363 | Bailey   | Noticed an ice devil
  1368 | Bailey   | Noticed a rust devil
  1370 | Bailey   | Demolished by a red devil

Vault maps used:
D:1:      sevenhm_arrival_forest_fort_large_3, lemuel_old_faithful
D:2:      vehumet_crystals, minivault_11, minmay_fountain_box, tgw_xom,
          uniq_iyjb
D:3:      nicolae_qazlal_eye_of_the_storm, ecumenical_altar_1, first_bread,
          st_stairs_1, grunt_ministairs_9
D:4:      serial_corexii_hall, corexii_hall_statues_u, corexii_hall_statues_x,
          corexii_hall_statues_i, corexii_hall_statues_u
D:5:      led_sif_pool, serial_shops, shop
D:6:      nicolae_overflow_hidden_temple, uniq_edmund
D:7:      enter_bailey_7, minivault_1, uniq_duvessa
Temple:   minmay_temple_bridge_abc
Bailey:   bailey_axe_of_yendor_kennysheep, bailey

Skill      XL: |  1  2  3  4  5  6 |
---------------+-------------------+-----
Fighting       | 3 |  3.6
Long Blades    | 4 |  4.8
Armour         | 1 2 |  2.0
Dodging        | 4 |  4.5
Invocations    | 1 |  1.1
Stealth        | |  3.0

Action                   |  1- 3 |  4- 6 || total
-------------------------+-------+-------++-------
Melee: Falchion          |    35 |    31 ||    66
       Bite              |     5 |    18 ||    23
       Scimitar          |       |    95 ||    95
       Punch             |       |     2 ||     2
       Kick              |       |     1 ||     1
Invok: Heroism           |       |     6 ||     6
Evoke: Wand              |       |     6 ||     6
  Use: Scroll            |     2 |     6 ||     8
       Potion            |       |    11 ||    11
 Stab: Sleeping          |     2 |     1 ||     3
       Invisible         |       |     2 ||     2
  Eat: Corpse            |     5 |     5 ||    10
Armor: Robe              |       |     5 ||     5
       Skin              |       |    46 ||    46
       Ring mail         |       |     6 ||     6
Dodge: Dodged            |    15 |    85 ||   100
